[Event "Charlotte Open 2020"]
[Site "Charlotte"]
[Date "2020.01.04"]
[Round "6.9"]
[White "Narva, Mai"]
[Black "Yoo, Christopher Woojin"]
[Result "1-0"]
[ECO "B51"]
[WhiteElo "2321"]
[BlackElo "2456"]
[Annotator "RC"]
[PlyCount "101"]
[EventDate "2020.01.02"]
[EventType "swiss"]
[EventCountry "USA"]
[SourceTitle "playchess.com"]
[Source "ChessBase"]
[SourceQuality "1"]
[TimeControl "6000+30"]

1. e4 c5 2. Nf3 d6 3. Bb5+ Nd7 4. O-O a6 5. Bxd7+ Bxd7 6. d4 cxd4 7. Qxd4 e5 8. Qd3 Rc8 9. a4 Qc7 10. Nc3 h6 11. Rd1 Nf6 12. Nd2 Bg4 13. Re1 Be7 14. Nf1 O-O 15. Qg3 Kh8 16. Ne3 Be6 17. Bd2 Qd7 18. Qf3 g6 19. Ncd5 Bxd5 20. exd5 Kg7 21. b3 Bd8 22. a5 Re8 23. Nc4 Rc5 24. Rad1 Rb5 25. Bc3 Bc7 26. Na3 Rxa5 27. Bxa5 Bxa5 28. Re2 Bb6 29. c4 Bc5 30. Nb1 Nh5 31. g3 f5 32. Nd2 a5 33. Kg2 Nf6 34. Qc3 b6 35. Rde1 Rf8 36. f4 Bb4 37. Qb2 e4 38. Qd4 Bc5 39. Qb2 Kh7 40. h3 g5 41. fxg5 hxg5 42. Rf1 e3 43. Nf3 Ne4 44. Nd4 f4 45. Ne6 f3+ 46. Rxf3 Rxf3 47. Kxf3 Nd2+ 48. Kg2 Qe7 49. Qc3 Kg8 50. Rxe3 Qf7 51. Qxd2 1-0

[Event "Charlotte Open 2020"]
[Site "Charlotte"]
[Date "2020.01.04"]
[Round "6.12"]
[White "Daggupati, Balaji"]
[Black "Song, Edward"]
[Result "0-1"]
[ECO "B67"]
[WhiteElo "2311"]
[BlackElo "2411"]
[Annotator "ChessBase"]
[PlyCount "84"]
[EventDate "2020.01.02"]
[EventType "swiss"]
[EventCountry "USA"]
[SourceTitle "playchess.com"]
[Source "ChessBase"]
[SourceQuality "1"]
[TimeControl "6000+30"]

1. e4 c5 2. Nf3 Nc6 3. d4 cxd4 4. Nxd4 Nf6 5. Nc3 d6 6. Bg5 e6 7. Qd2 a6 8. O-O-O Bd7 9. f4 b5 10. Nxc6 Bxc6 11. Qe1 Be7 12. Bd3 Nd7 13. Bxe7 Qxe7 14. Qg3 O-O 15. Rhe1 Nc5 16. e5 dxe5 17. Rxe5 Nxd3+ 18. Rxd3 Rfd8 19. Rxd8+ Rxd8 20. Re1 Qc5 21. Rd1 Rxd1+ 22. Nxd1 h6 23. Ne3 Qd4 24. a3 Kh7 25. Qf2 Bxg2 26. c3 Qc5 27. Qd2 Be4 28. b4 Qc7 29. Nd1 Qc4 30. Kb2 Bd5 31. Kc1 Qf1 32. Kb2 Be4 33. Kb3 Bf3 34. Nb2 Bd5+ 35. Kc2 Qa1 36. c4 bxc4 37. a4 Be4+ 38. Kc3 Qa2 39. Nxc4 Qxa4 40. Ne5 f6 41. Nd7 a5 42. Qd6 Qc2+ 0-1

[Event "Charlotte Open 2020"]
[Site "Charlotte"]
[Date "2020.01.04"]
[Round "6.14"]
[White "Petesch, Gabriel"]
[Black "Ynojosa Aponte, Felix Jose"]
[Result "1-0"]
[ECO "D46"]
[WhiteElo "2302"]
[BlackElo "2403"]
[Annotator "RC"]
[PlyCount "109"]
[EventDate "2020.01.02"]
[EventType "swiss"]
[EventCountry "USA"]
[SourceTitle "playchess.com"]
[Source "ChessBase"]
[SourceQuality "1"]
[TimeControl "6000+30"]

1. d4 Nf6 2. Nf3 d5 3. c4 e6 4. Nc3 c6 5. e3 Bd6 6. Qc2 Nbd7 7. Be2 dxc4 8. Bxc4 b5 9. Be2 Bb7 10. O-O Rc8 11. e4 e5 12. Bg5 h6 13. Bh4 a6 14. Rad1 Qc7 15. dxe5 Nxe5 16. Nd4 Ng6 17. Bxf6 gxf6 18. g3 Ne7 19. Bh5 O-O 20. Qd2 b4 21. Nce2 Rcd8 22. Qxh6 c5 23. Bxf7+ Kxf7 24. Qh7+ Ke8 25. Ne6 Qc6 26. Nxf8 Kxf8 27. Nf4 Rc8 28. Ne6+ Ke8 29. Rd2 c4 30. Rfd1 Qxe4 31. Qxe4 Bxe4 32. Rxd6 Nf5 33. Ng7+ Nxg7 34. Re1 f5 35. f3 c3 36. bxc3 Ke7 37. Rdd1 bxc3 38. fxe4 f4 39. gxf4 Ne6 40. f5 c2 41. Rc1 Nd4 42. Kf2 Kf6 43. e5+ Kxf5 44. e6 Nxe6 45. Ke3 Rc3+ 46. Kd2 Ra3 47. Rxc2 Nd4 48. Rf1+ Ke4 49. Rb2 Rh3 50. Kc1 Kd3 51. Kb1 Nb5 52. Rc1 Rh6 53. Rb3+ Kd4 54. a4 Nd6 55. Rb6 1-0

[Event "Charlotte Open 2020"]
[Site "Charlotte"]
[Date "2020.01.04"]
[Round "6.16"]
[White "Mulyar, Michael"]
[Black "Venkat, Raghav"]
[Result "1-0"]
[ECO "D64"]
[WhiteElo "2380"]
[BlackElo "2141"]
[Annotator "ChessBase"]
[PlyCount "121"]
[EventDate "2020.01.02"]
[EventType "swiss"]
[EventCountry "USA"]
[SourceTitle "playchess.com"]
[Source "ChessBase"]
[SourceQuality "1"]
[TimeControl "6000+30"]

1. d4 Nf6 2. Nf3 d5 3. c4 e6 4. Nc3 Be7 5. Bg5 O-O 6. e3 c6 7. Rc1 Nbd7 8. Qc2 h6 9. Bh4 a6 10. c5 e5 11. dxe5 Ne8 12. Bg3 Nxc5 13. Be2 Nc7 14. O-O Nb5 15. Rfd1 Nxc3 16. bxc3 Qa5 17. Nd2 Be6 18. Nb3 Nxb3 19. axb3 Qb6 20. c4 dxc4 21. Bxc4 Bxc4 22. Qxc4 Ba3 23. Ra1 Qb4 24. Rd7 Qxc4 25. bxc4 Bb4 26. Rxb7 c5 27. f4 a5 28. Be1 Rfb8 29. Rxb8+ Rxb8 30. Bxb4 axb4 31. Kf2 b3 32. Ke2 b2 33. Rb1 Rb3 34. Kd2 Kf8 35. g3 Ke7 36. e4 Ke6 37. Kc2 Re3 38. Rxb2 Rxe4 39. Kd3 Rd4+ 40. Kc3 Rd1 41. Rb6+ Kf5 42. Rb7 Ke6 43. Rc7 Rh1 44. Rxc5 Rxh2 45. Rd5 h5 46. Rd6+ Ke7 47. c5 h4 48. gxh4 Rxh4 49. Rd4 Rh1 50. Kc4 Re1 51. c6 g5 52. fxg5 Rxe5 53. c7 Re1 54. Kb5 Rb1+ 55. Kc6 Rc1+ 56. Kb7 Rb1+ 57. Kc8 Rc1 58. Rb4 Kd6 59. Rb6+ Ke5 60. Kb8 Kf4 61. Rb5 1-0

[Event "Charlotte Open 2020"]
[Site "Charlotte"]
[Date "2020.01.04"]
[Round "6.20"]
[White "Mahajan, Rushaan"]
[Black "Ezra Paul Chambers"]
[Result "1/2-1/2"]
[ECO "E61"]
[WhiteElo "2006"]
[BlackElo "2265"]
[Annotator "ChessBase"]
[PlyCount "50"]
[EventDate "2020.01.02"]
[EventType "swiss"]
[EventCountry "USA"]
[SourceTitle "playchess.com"]
[Source "ChessBase"]
[SourceQuality "1"]
[TimeControl "6000+30"]

1. d4 d6 2. Nf3 Nf6 3. c4 Nc6 4. Nc3 g6 5. Bg5 Bg7 6. e3 O-O 7. h3 Bf5 8. Be2 Ne4 9. Nxe4 Bxe4 10. O-O Qe8 11. d5 Bxf3 12. Bxf3 Ne5 13. Be2 Nd7 14. Qc2 Nc5 15. Rad1 a5 16. b3 e6 17. dxe6 Qxe6 18. Bf3 Rfe8 19. a3 Ne4 20. Bxe4 Qxe4 21. Qxe4 Rxe4 22. a4 f5 23. Bf4 b6 24. Rd5 Bc3 25. g4 Rf8 1/2-1/2

[Event "Charlotte Open 2020"]
[Site "Charlotte"]
[Date "2020.01.05"]
[Round "7.6"]
[White "Karthik Venkataraman"]
[Black "Petesch, Gabriel"]
[Result "1-0"]
[ECO "C81"]
[WhiteElo "2470"]
[BlackElo "2302"]
[Annotator "RC"]
[PlyCount "59"]
[EventDate "2020.01.02"]
[EventType "swiss"]
[EventCountry "USA"]
[SourceTitle "playchess.com"]
[Source "ChessBase"]
[SourceQuality "1"]
[TimeControl "6000+30"]

1. e4 e5 2. Nf3 Nc6 3. Bb5 a6 4. Ba4 Nf6 5. O-O Nxe4 6. d4 b5 7. Bb3 d5 8. dxe5 Be6 9. Qe2 Nc5 10. Rd1 Qd7 11. Nc3 Ne7 12. Be3 Na4 13. Bxa4 bxa4 14. Bc5 Qc6 15. Ba3 Nc8 16. Bxf8 Kxf8 17. Nd4 Qd7 18. b3 Nb6 19. bxa4 Ke7 20. a5 Nc4 21. Nf5+ Kf8 22. Ne3 Nxe3 23. Qxe3 Qc6 24. Qd4 Rd8 25. Qb4+ Ke8 26. Rd4 Qa8 27. Qc5 Rb8 28. Rxd5 Rd8 29. Rad1 Rc8 30. Rd7 1-0

[Event "Charlotte Open 2020"]
[Site "Charlotte"]
[Date "2020.01.05"]
[Round "8.1"]
[White "Chandra, Akshat"]
[Black "Jacobson, Brandon"]
[Result "0-1"]
[ECO "A13"]
[WhiteElo "2524"]
[BlackElo "2472"]
[Annotator "ChessBase"]
[PlyCount "106"]
[EventDate "2020.01.02"]
[EventType "swiss"]
[EventCountry "USA"]
[SourceTitle "playchess.com"]
[Source "ChessBase"]
[SourceQuality "1"]
[TimeControl "6000+30"]

1. Nf3 d5 2. e3 Nf6 3. c4 e6 4. b3 b6 5. Bb2 Bb7 6. cxd5 exd5 7. d4 Nbd7 8. Nc3 Bd6 9. g3 O-O 10. Bg2 Ba6 11. Nd2 c5 12. Bf1 Bxf1 13. Kxf1 cxd4 14. exd4 Bb4 15. Kg2 Re8 16. Rc1 Nf8 17. Nf3 Bxc3 18. Rxc3 Ne4 19. Rc2 Rc8 20. Qd3 Qd7 21. Rhc1 f6 22. a4 Ne6 23. Rxc8 Rxc8 24. Qb5 Rd8 25. Qxd7 Rxd7 26. Rc8+ Kf7 27. Kf1 g5 28. h3 h5 29. Rc2 Rd8 30. Ne1 Nd6 31. Ng2 Nf5 32. g4 hxg4 33. hxg4 Nfxd4 34. Bxd4 Nxd4 35. Rc7+ Ke6 36. Rxa7 Nxb3 37. Ra6 Rb8 38. Ne3 Nc5 39. Ra7 Rb7 40. Ra8 d4 41. Nc4 Kd5 42. Nd2 d3 43. a5 bxa5 44. Rxa5 Kd4 45. Nf3+ Kc4 46. Nd2+ Kb4 47. Ra1 Kc3 48. Ke1 Re7+ 49. Kd1 Rh7 50. Rc1+ Kd4 51. Nf3+ Kd5 52. Rb1 Rh1+ 53. Ne1 Ne4 0-1

[Event "Charlotte Open 2020"]
[Site "Charlotte"]
[Date "2020.01.05"]
[Round "8.3"]
[White "Brodsky, David"]
[Black "Tang, Andrew"]
[Result "0-1"]
[ECO "C60"]
[WhiteElo "2466"]
[BlackElo "2511"]
[Annotator "ChessBase"]
[PlyCount "60"]
[EventDate "2020.01.02"]
[EventType "swiss"]
[EventCountry "USA"]
[SourceTitle "playchess.com"]
[Source "ChessBase"]
[SourceQuality "1"]
[TimeControl "6000+30"]

1. e4 e5 2. Nf3 Nc6 3. Bb5 g6 4. d4 exd4 5. c3 a6 6. Bc4 Bg7 7. cxd4 b5 8. Bb3 Na5 9. Bc2 Ne7 10. O-O O-O 11. Bg5 h6 12. Bd2 Nc4 13. Bc3 d5 14. e5 c5 15. dxc5 Bg4 16. h3 Bxf3 17. gxf3 b4 18. Bd4 Nc6 19. f4 Qh4 20. Be3 Nxe3 21. fxe3 Qg3+ 22. Kh1 Qxh3+ 23. Kg1 Qxe3+ 24. Rf2 Nxe5 25. fxe5 Bxe5 26. Qd2 Qg3+ 27. Rg2 Qh4 28. Kf1 Bxb2 29. Qxd5 Bxa1 30. Rxg6+ Kh8 0-1

[Event "Charlotte Open 2020"]
[Site "Charlotte"]
[Date "2020.01.05"]
[Round "8.4"]
[White "Escalante Ramirez, Brian Sebasti"]
[Black "Karthik Venkataraman"]
[Result "1/2-1/2"]
[ECO "B23"]
[WhiteElo "2421"]
[BlackElo "2470"]
[Annotator "ChessBase"]
[PlyCount "116"]
[EventDate "2020.01.02"]
[EventType "swiss"]
[EventCountry "USA"]
[SourceTitle "playchess.com"]
[Source "ChessBase"]
[SourceQuality "1"]
[TimeControl "6000+30"]

1. e4 c5 2. Nc3 a6 3. g3 b5 4. Bg2 Bb7 5. Nh3 Nf6 6. O-O e6 7. d3 b4 8. Na4 Be7 9. a3 a5 10. Nf4 Qc7 11. e5 Bxg2 12. exf6 Bxf1 13. fxe7 Qc6 14. Qg4 g6 15. Qg5 e5 16. Qxe5 f6 17. Qxc5 g5 18. Nd5 Bh3 19. Nc7+ Kf7 20. Qxc6 Nxc6 21. Nxa8 Rxa8 22. Be3 Kxe7 23. Nb6 Rb8 24. axb4 axb4 25. f4 Kf7 26. fxg5 fxg5 27. Nc4 Kg6 28. Ra6 Rf8 29. Nd2 Kh5 30. Ra1 d5 31. Re1 Re8 32. Nf3 h6 33. Bf2 Rf8 34. Ne5 Nxe5 35. Rxe5 Rc8 36. Re2 Rf8 37. b3 d4 38. Rd2 Rf7 39. Re2 Rf8 40. Rd2 Rf7 41. Rd1 Rc7 42. Rc1 Bf5 43. Bxd4 Bxd3 44. c4 bxc3 45. Rxc3 Rxc3 46. Bxc3 Kg4 47. Kf2 Kh3 48. Bg7 h5 49. Bf6 Kg4 50. Ke3 Bc2 51. b4 Kf5 52. b5 Ba4 53. b6 Bc6 54. Bd8 g4 55. Bc7 Bb7 56. Bb8 Bc6 57. Kd4 Ke6 58. Kc5 Kd7 1/2-1/2

[Event "Charlotte Open 2020"]
[Site "Charlotte"]
[Date "2020.01.05"]
[Round "8.5"]
[White "Bajarani, Ulvi"]
[Black "Sarkar, Justin"]
[Result "1-0"]
[ECO "D80"]
[WhiteElo "2468"]
[BlackElo "2385"]
[Annotator "ChessBase"]
[PlyCount "105"]
[EventDate "2020.01.02"]
[EventType "swiss"]
[EventCountry "USA"]
[SourceTitle "playchess.com"]
[Source "ChessBase"]
[SourceQuality "1"]
[TimeControl "6000+30"]

1. d4 Nf6 2. c4 g6 3. Nc3 d5 4. Bg5 Ne4 5. Bh4 c6 6. e3 Qa5 7. cxd5 Nxc3 8. Qd2 e6 9. bxc3 cxd5 10. Rb1 Nc6 11. Bf6 Rg8 12. Bd3 b6 13. a4 Ba6 14. Bb5 Bxb5 15. axb5 Be7 16. Bxe7 Nxe7 17. Qb2 Qa4 18. Nf3 Qc4 19. Qb4 Qxb4 20. Rxb4 f6 21. Ke2 Kd7 22. g4 g5 23. h4 h5 24. gxh5 g4 25. Nd2 g3 26. Ra4 g2 27. Rg1 Nf5 28. c4 Nd6 29. Kf3 dxc4 30. Nxc4 Nxb5 31. Rxg2 Rxg2 32. Kxg2 Rh8 33. Na3 Nxa3 34. Rxa7+ Kc6 35. Rxa3 Rxh5 36. Kg3 b5 37. Ra6+ Kb7 38. Ra1 f5 39. f3 Kb6 40. Rb1 Ka5 41. e4 fxe4 42. fxe4 b4 43. Kg4 Rh8 44. Kg5 Kb5 45. h5 Rg8+ 46. Kf6 Rg4 47. e5 Rh4 48. Kxe6 Rxh5 49. Rc1 b3 50. Kd6 Rh2 51. e6 b2 52. Rb1 Rd2 53. e7 1-0

[Event "Charlotte Open 2020"]
[Site "Charlotte"]
[Date "2020.01.05"]
[Round "8.6"]
[White "Iotov, Valentin"]
[Black "Korley, Kassa"]
[Result "1-0"]
[ECO "E70"]
[WhiteElo "2516"]
[BlackElo "2432"]
[Annotator "ChessBase"]
[PlyCount "77"]
[EventDate "2020.01.02"]
[EventType "swiss"]
[EventCountry "USA"]
[SourceTitle "playchess.com"]
[Source "ChessBase"]
[SourceQuality "1"]
[TimeControl "6000+30"]

1. c4 g6 2. d4 Bg7 3. e4 d6 4. Nc3 Nf6 5. Bd3 O-O 6. Nge2 c5 7. d5 a6 8. a4 e5 9. h3 h5 10. Bg5 Qa5 11. Qd2 Nbd7 12. Be3 Re8 13. f3 Nf8 14. g4 Bd7 15. Rg1 Reb8 16. Ng3 hxg4 17. hxg4 b5 18. Nf5 Bxf5 19. gxf5 bxc4 20. Bxc4 Nh5 21. b3 Rb7 22. Ne2 Qd8 23. O-O-O Rab8 24. Kc2 Rb4 25. Rb1 Qa5 26. Kd3 Nd7 27. fxg6 f5 28. Rg5 f4 29. Rxh5 fxe3 30. Kxe3 Nb6 31. Kf2 Nxc4 32. bxc4 Qd8 33. Rbh1 R8b7 34. Qc1 Rxa4 35. Qg1 Ra2 36. Qg4 Qe8 37. Qh3 Rxe2+ 38. Kxe2 Rb2+ 39. Kd3 1-0

[Event "Charlotte Open 2020"]
[Site "Charlotte"]
[Date "2020.01.05"]
[Round "8.7"]
[White "Grabinsky, Aaron"]
[Black "Song, Edward"]
[Result "1-0"]
[ECO "A01"]
[WhiteElo "2363"]
[BlackElo "2411"]
[Annotator "ChessBase"]
[PlyCount "147"]
[EventDate "2020.01.02"]
[EventType "swiss"]
[EventCountry "USA"]
[SourceTitle "playchess.com"]
[Source "ChessBase"]
[SourceQuality "1"]
[TimeControl "6000+30"]

1. b3 d5 2. Bb2 Bg4 3. f3 Bh5 4. e4 dxe4 5. Qe2 c6 6. Nc3 exf3 7. Nxf3 Nf6 8. O-O-O e6 9. h3 Bxf3 10. Qxf3 Qa5 11. Kb1 Nbd7 12. g4 Ba3 13. Ba1 h5 14. Rg1 hxg4 15. hxg4 Qg5 16. Ne4 Nxe4 17. Qxe4 Be7 18. Qf3 Bf6 19. d4 O-O-O 20. Bd3 Nb6 21. Be4 Nd5 22. Bb2 Nc7 23. c3 Rh2 24. Bc1 Qa5 25. Rd2 Rdh8 26. g5 R2h3 27. Qf1 Bd8 28. b4 Qb6 29. Qxf7 a5 30. Qxg7 Nb5 31. Bb2 axb4 32. cxb4 Nd6 33. Qe5 Qxb4 34. Rc2 Nxe4 35. Qxe6+ Kb8 36. Qxe4 R3h4 37. Qe5+ Bc7 38. Qc5 Qxc5 39. dxc5 Rg8 40. g6 Rh5 41. g7 Be5 42. Rf2 Bxg7 43. Bxg7 Ka7 44. Rf3 Ka6 45. Ra3+ Kb5 46. Rb3+ Ka6 47. Rg4 Rxc5 48. Ra4+ Ra5 49. Rxa5+ Kxa5 50. Rxb7 Ka6 51. Rd7 Rb8+ 52. Bb2 Rb7 53. Rd6 Kb5 54. Kc2 Rh7 55. Kb3 Rh3+ 56. Bc3 Kc5 57. Rd4 Kb5 58. a4+ Ka6 59. Rd7 Rh1 60. Kc4 Rb1 61. Bd4 Rb7 62. Rd8 Rb1 63. Ra8+ Kb7 64. Ra7+ Kb8 65. Rh7 Rc1+ 66. Kb4 Rb1+ 67. Kc5 Rc1+ 68. Kb6 Rb1+ 69. Kxc6 Ka8 70. Bb6 Rc1+ 71. Kb5 Kb8 72. Ka6 Rc6 73. Rh8+ Rc8 74. Rxc8+ 1-0

[Event "Charlotte Open 2020"]
[Site "Charlotte"]
[Date "2020.01.05"]
[Round "8.8"]
[White "Narva, Mai"]
[Black "Wheeler, Cameron"]
[Result "1/2-1/2"]
[ECO "C02"]
[WhiteElo "2321"]
[BlackElo "2383"]
[Annotator "ChessBase"]
[PlyCount "98"]
[EventDate "2020.01.02"]
[EventType "swiss"]
[EventCountry "USA"]
[SourceTitle "playchess.com"]
[Source "ChessBase"]
[SourceQuality "1"]
[TimeControl "6000+30"]

1. e4 e6 2. d4 d5 3. e5 c5 4. c3 Nc6 5. Nf3 Qb6 6. a3 c4 7. Nbd2 Na5 8. g3 Bd7 9. h4 Ne7 10. Bh3 Nc8 11. h5 Qc7 12. Rb1 Nb6 13. h6 Ba4 14. Qe2 Bc2 15. hxg7 Bxg7 16. Ra1 Qc6 17. Bg4 Bg6 18. Nh4 O-O-O 19. f4 Bd3 20. Qe3 h5 21. Bd1 Na4 22. Be2 Bc2 23. Bd1 Bxd1 24. Kxd1 Qb5 25. Rb1 Rdg8 26. Ke2 Bf8 27. Kf2 Be7 28. Nhf3 Nb3 29. Ng5 Nxd2 30. Bxd2 Bxg5 31. fxg5 Qb3 32. Qe2 Qc2 33. Be3 Qf5+ 34. Qf3 Qc2+ 35. Qe2 Qe4 36. Qf3 Qg6 37. Kg2 b5 38. Kh3 Rh7 39. Rhf1 h4 40. g4 Kd7 41. Qg2 Qd3 42. Qd2 Qe4 43. Rbe1 Rhg7 44. Rf4 Qh7 45. Ref1 Kc6 46. Rf6 Qe4 47. R6f4 Qh7 48. Rf6 Qe4 49. R6f4 Qh7 1/2-1/2

[Event "Charlotte Open 2020"]
[Site "Charlotte"]
[Date "2020.01.05"]
[Round "8.9"]
[White "Tsolakidou, Stavroula"]
[Black "Mulyar, Michael"]
[Result "1/2-1/2"]
[ECO "C77"]
[WhiteElo "2403"]
[BlackElo "2380"]
[Annotator "ChessBase"]
[PlyCount "71"]
[EventDate "2020.01.02"]
[EventType "swiss"]
[EventCountry "USA"]
[SourceTitle "playchess.com"]
[Source "ChessBase"]
[SourceQuality "1"]
[TimeControl "6000+30"]

1. e4 e5 2. Nf3 Nc6 3. Bb5 a6 4. Ba4 Nf6 5. d3 b5 6. Bb3 Bc5 7. Nc3 h6 8. Nd5 d6 9. c3 Be6 10. Nxf6+ Qxf6 11. O-O Bb6 12. Be3 O-O 13. a4 Rab8 14. Bxe6 Qxe6 15. b4 Bxe3 16. fxe3 d5 17. exd5 Qxd5 18. e4 Qe6 19. axb5 axb5 20. Qd2 Ra8 21. Qf2 Qd6 22. Rxa8 Rxa8 23. Nh4 f6 24. Nf5 Qf8 25. d4 exd4 26. cxd4 Ne7 27. Nh4 Nc6 28. e5 fxe5 29. Qc2 Qxb4 30. Qxc6 Qxd4+ 31. Kh1 Ra1 32. Qe6+ Kh7 33. Qf5+ Kg8 34. Qe6+ Kh7 35. Qf5+ Kg8 36. Qe6+ 1/2-1/2

[Event "Charlotte Open 2020"]
[Site "Charlotte"]
[Date "2020.01.05"]
[Round "8.10"]
[White "Ezra Paul Chambers"]
[Black "Ringoir, Tanguy"]
[Result "0-1"]
[ECO "C48"]
[WhiteElo "2265"]
[BlackElo "2501"]
[Annotator "ChessBase"]
[PlyCount "124"]
[EventDate "2020.01.02"]
[EventType "swiss"]
[EventCountry "USA"]
[SourceTitle "playchess.com"]
[Source "ChessBase"]
[SourceQuality "1"]
[TimeControl "6000+30"]

1. e4 e5 2. Nf3 Nc6 3. Nc3 Nf6 4. Bb5 Bd6 5. d3 O-O 6. a3 Re8 7. Bg5 h6 8. Bh4 Be7 9. O-O d6 10. h3 a6 11. Bxc6 bxc6 12. d4 Nd7 13. Bxe7 Qxe7 14. Re1 Qf6 15. Qd2 Nf8 16. dxe5 dxe5 17. Qe3 Ne6 18. Rad1 Rb8 19. b3 Kh7 20. Rd2 g5 21. Ne2 Rb5 22. g3 Rg8 23. Kh2 h5 24. Rdd1 c5 25. h4 gxh4 26. Nxh4 Nd4 27. Nxd4 cxd4 28. Qe2 Rg4 29. Rh1 Rxh4+ 30. gxh4 Bg4 31. Qd2 Rc5 32. Rdg1 Rc3 33. Rg3 Qxh4+ 34. Kg1 Rxg3+ 35. fxg3 Qxg3+ 36. Qg2 Qc3 37. Qf2 Kg7 38. Kh2 Qh3+ 39. Kg1 Qf3 40. Qd2 Qg3+ 41. Qg2 Qe3+ 42. Kh2 Qf4+ 43. Kg1 Kg6 44. Rh3 Kg5 45. Rd3 h4 46. c3 c5 47. cxd4 cxd4 48. b4 f5 49. exf5 Qxf5 50. Rd2 Qb1+ 51. Kh2 Qe1 52. a4 h3 53. Qf2 Qxf2+ 54. Rxf2 d3 55. b5 axb5 56. axb5 e4 57. b6 Bc8 58. Kg3 e3 59. Rf1 e2 60. Rg1 h2 61. Kxh2+ Kf4 62. Kg2 d2 0-1

[Event "Charlotte Open 2020"]
[Site "Charlotte"]
[Date "2020.01.05"]
[Round "8.11"]
[White "Paul, Justin"]
[Black "Peng, Shunkai"]
[Result "0-1"]
[ECO "B90"]
[WhiteElo "2270"]
[BlackElo "2315"]
[Annotator "ChessBase"]
[PlyCount "102"]
[EventDate "2020.01.02"]
[EventType "swiss"]
[EventCountry "USA"]
[SourceTitle "playchess.com"]
[Source "ChessBase"]
[SourceQuality "1"]
[TimeControl "6000+30"]

1. e4 c5 2. Nf3 d6 3. d4 Nf6 4. Nc3 cxd4 5. Nxd4 a6 6. h3 e5 7. Nb3 Be6 8. f4 exf4 9. Bxf4 Nc6 10. Qe2 Ne5 11. O-O-O Nfd7 12. Nd5 Rc8 13. Qf2 g6 14. Kb1 Bg7 15. Qa7 Bxd5 16. Rxd5 Qc7 17. Rd2 O-O 18. Bxa6 bxa6 19. Qxc7 Rxc7 20. Rxd6 Rfc8 21. c3 Rc6 22. Rd5 Kf8 23. Rhd1 Ke7 24. Bg5+ Bf6 25. Be3 Nb6 26. Rc5 Nbc4 27. Rxc6 Nxc6 28. Bc5+ Ke6 29. Bd4 Nxd4 30. cxd4 Be7 31. Rc1 Nb6 32. Rf1 f5 33. d5+ Ke5 34. exf5 Nxd5 35. fxg6 hxg6 36. Re1+ Kd6 37. Nd2 Nf4 38. Re4 Nxg2 39. b3 Rc7 40. Nc4+ Kd5 41. Re5+ Kd4 42. Re6 g5 43. Rxa6 Ne3 44. Ra4 Nxc4 45. Kc2 Kd5 46. bxc4+ Rxc4+ 47. Rxc4 Kxc4 48. Kd2 Kd4 49. Ke2 Ke4 50. a4 Bc5 51. a5 Kf4 0-1

[Event "Charlotte Open 2020"]
[Site "Charlotte"]
[Date "2020.01.05"]
[Round "8.12"]
[White "Wang, Tianqi"]
[Black "Kolay, Alex"]
[Result "1/2-1/2"]
[ECO "A11"]
[WhiteElo "2314"]
[BlackElo "2261"]
[Annotator "ChessBase"]
[PlyCount "95"]
[EventDate "2020.01.02"]
[EventType "swiss"]
[EventCountry "USA"]
[SourceTitle "playchess.com"]
[Source "ChessBase"]
[SourceQuality "1"]
[TimeControl "6000+30"]

1. Nf3 Nf6 2. c4 c6 3. g3 d5 4. Qa4 Nbd7 5. cxd5 cxd5 6. Nc3 e6 7. Bg2 Be7 8. O-O O-O 9. d4 b6 10. Ne1 Bb7 11. Nd3 Rc8 12. e3 Ne4 13. Nxe4 dxe4 14. Nf4 Bc6 15. Qb3 Nf6 16. Bd2 Bd6 17. Bb4 Qe7 18. Bxd6 Qxd6 19. Rfc1 Rc7 20. a3 Rfc8 21. Qd1 Bb7 22. Ne2 Rxc1 23. Rxc1 Rxc1 24. Qxc1 Qc6 25. Nc3 h6 26. Qd1 g6 27. Qb3 Kg7 28. h4 h5 29. Bf1 Nd5 30. Bb5 Qc7 31. Qa4 Nxc3 32. bxc3 a6 33. Qc4 Qxc4 34. Bxc4 Kf6 35. Kf1 Ke7 36. Ke1 Kd6 37. Kd2 b5 38. Be2 Bd5 39. Kc1 Kc6 40. Kb2 Kb6 41. Bd1 a5 42. a4 b4 43. Bb3 bxc3+ 44. Kxc3 Bxb3 45. Kxb3 Kc6 46. Kc4 f6 47. Kb3 Kd5 48. Kc3 1/2-1/2

[Event "Charlotte Open 2020"]
[Site "Charlotte"]
[Date "2020.01.05"]
[Round "8.13"]
[White "Petesch, Gabriel"]
[Black "Moon, Benjamin"]
[Result "1-0"]
[ECO "D15"]
[WhiteElo "2302"]
[BlackElo "2237"]
[Annotator "RC"]
[PlyCount "87"]
[EventDate "2020.01.02"]
[EventType "swiss"]
[EventCountry "USA"]
[SourceTitle "playchess.com"]
[Source "ChessBase"]
[SourceQuality "1"]
[TimeControl "6000+30"]

1. d4 d5 2. c4 c6 3. Nc3 Nf6 4. Nf3 a6 5. c5 Nbd7 6. Bf4 g6 7. Qd2 Bg7 8. Ne5 O-O 9. g3 Nxe5 10. Bxe5 Nd7 11. Bxg7 Kxg7 12. Bg2 e5 13. e4 exd4 14. Qxd4+ Qf6 15. O-O-O dxe4 16. Qe3 Qe6 17. Nxe4 Re8 18. Rhe1 Qc4+ 19. Kb1 Nf6 20. Rd4 Qe6 21. Rd6 Qf5 22. Qc3 Qe5 23. Qxe5 Rxe5 24. Rxf6 Rxe4 25. Rxf7+ Kxf7 26. Bxe4 Bf5 27. Kc2 Bxe4+ 28. Rxe4 Rd8 29. Kc3 Rd5 30. b4 Rd1 31. Rd4 Rc1+ 32. Kb3 Ke7 33. Rd2 a5 34. Rc2 Rb1+ 35. Rb2 Rxb2+ 36. Kxb2 axb4 37. Kb3 Ke6 38. Kxb4 Kd5 39. a4 Kd4 40. f4 h5 41. h3 Ke4 42. Ka5 Kf3 43. Kb6 Kxg3 44. Kxb7 1-0

[Event "Charlotte Open 2020"]
[Site "Charlotte"]
[Date "2020.01.05"]
[Round "8.14"]
[White "Cezila Jr, Rubens"]
[Black "Guo, Arthur"]
[Result "1/2-1/2"]
[ECO "A12"]
[WhiteElo "2239"]
[BlackElo "2301"]
[Annotator "ChessBase"]
[PlyCount "84"]
[EventDate "2020.01.02"]
[EventType "swiss"]
[EventCountry "USA"]
[SourceTitle "playchess.com"]
[Source "ChessBase"]
[SourceQuality "1"]
[TimeControl "6000+30"]

1. Nf3 d5 2. e3 g6 3. c4 Nf6 4. b3 Bg7 5. Bb2 c6 6. Qc2 O-O 7. Nc3 Bf5 8. d3 Re8 9. Nh4 Bd7 10. d4 e5 11. dxe5 Ng4 12. Nf3 Nxe5 13. Nxe5 Bxe5 14. Be2 Bf5 15. Qd2 Qg5 16. g3 d4 17. exd4 Qxd2+ 18. Kxd2 Bxd4 19. Nd1 Bxb2 20. Nxb2 Na6 21. Rhd1 Nb4 22. g4 Be6 23. a3 Na6 24. b4 Rad8+ 25. Kc3 Rxd1 26. Nxd1 f5 27. gxf5 Bxf5 28. Ne3 Nc7 29. Rd1 Be6 30. Rd4 Kg7 31. Re4 Rd8 32. f4 Kf7 33. Re5 Bc8 34. c5 Be6 35. Bd3 Kf6 36. h4 Nd5+ 37. Nxd5+ Rxd5 38. Rxd5 Bxd5 39. Kd4 Be6 40. Bc2 Bf5 41. Bd1 h5 42. Bf3 a6 {[%emt 0:00:30] Ke4 Ke5+} 1/2-1/2

[Event "Charlotte Open 2020"]
[Site "Charlotte"]
[Date "2020.01.05"]
[Round "8.15"]
[White "Xu, Grant"]
[Black "Yoo, Christopher Woojin"]
[Result "0-1"]
[ECO "B21"]
[WhiteElo "2228"]
[BlackElo "2456"]
[Annotator "ChessBase"]
[PlyCount "153"]
[EventDate "2020.01.02"]
[EventType "swiss"]
[EventCountry "USA"]
[SourceTitle "playchess.com"]
[Source "ChessBase"]
[SourceQuality "1"]
[TimeControl "6000+30"]

1. e4 c5 2. d4 cxd4 3. c3 dxc3 4. Nxc3 Nc6 5. Nf3 d6 6. Bc4 e6 7. O-O a6 8. Qe2 Be7 9. Rd1 Bd7 10. Bf4 e5 11. Be3 Nf6 12. h3 O-O 13. Bg5 Be6 14. Rac1 Rc8 15. Nd5 Bxd5 16. exd5 Nb8 17. b4 Nbd7 18. Be3 Ne4 19. Nd2 Nxd2 20. Qxd2 f5 21. f4 Bf6 22. Bb3 Rxc1 23. Rxc1 exf4 24. Bxf4 Be5 25. Bg5 Qb6+ 26. Kh1 h6 27. Be3 Qd8 28. Bc2 Qh4 29. Rf1 Qg3 30. Bg1 f4 31. Rf3 Qg5 32. Qd3 Nf6 33. Bf2 Qh5 34. Qf5 Kh8 35. Be1 Qxf5 36. Bxf5 g5 37. Rb3 b5 38. Be6 Ne8 39. Bc8 Nc7 40. Bb7 Kg7 41. Bf2 Re8 42. Kg1 Kf6 43. Rb1 Re7 44. Bb6 Ne6 45. Bxa6 Bd4+ 46. Kf1 Bxb6 47. dxe6 Ra7 48. Bxb5 Rxa2 49. Be2 Rc2 50. Bf3 Kxe6 51. b5 Kd7 52. Bc6+ Kc7 53. Re1 Rf2+ 54. Kg1 Be3 55. Kh2 Rd2 56. Bf3 Kb6 57. Re2 Rd4 58. Rb2 d5 59. h4 Rd3 60. hxg5 hxg5 61. Ra2 Bc5 62. Ra8 Kc7 63. Rg8 Be7 64. Rg7 Kd6 65. b6 Rb3 66. Bxd5 Kxd5 67. Rxe7 Rxb6 68. Rg7 Rh6+ 69. Kg1 Rh5 70. g4 Rh3 71. Rxg5+ Ke4 72. Ra5 Rb3 73. Kf2 Rb2+ 74. Kf1 f3 75. Ra8 Kf4 76. Rf8+ Kg3 77. Re8 0-1